[Event "34th MPL National U14-ch 2022"]
[Site "Ahmedabad"]
[Date "2022.05.13"]
[Round "9.3"]
[White "Koustuv Dash"]
[Black "Daakshin Arun"]
[Result "1-0"]
[ECO "A63"]
[WhiteElo "1910"]
[BlackElo "2016"]
[Annotator "TA"]
[PlyCount "77"]
[EventDate "2022.05.09"]
[EventType "swiss"]
[EventCountry "IND"]
[SourceTitle "playchess.com"]
[Source "ChessBase"]
[SourceQuality "1"]
[TimeControl "5400+30"]

1. d4 Nf6 2. c4 g6 3. Nf3 Bg7 4. g3 O-O 5. Bg2 d6 6. O-O c5 7. d5 e6 8. Nc3 Re8 9. Re1 exd5 10. cxd5 Nbd7 11. h3 a6 12. a4 Ne4 13. Nxe4 Rxe4 {[%emt 0:00:05] [#]} 14. Rb1 $146 {[%emt 0:08:16] A63: Modern Benoni: Fianchetto Variation: 9...Nbd7.} ({Better is} 14. Nd2 $11 Re8 15. Ra2) ({Predecessor:} 14. Qc2 Re8 15. e4 Ne5 16. Nxe5 Bxe5 17. f4 Bg7 18. Bd2 f5 19. Kh2 fxe4 20. Bxe4 Re7 21. Bc3 Qf8 {½-½ (56) Ghazarian,K (2331)-Mikhalevski,V (2579) Sturbridge 2021}) 14... b5 $1 $15 15. Bf4 Nb6 16. a5 {[%emt 0:06:39] Black is better.} Na4 17. Bd2 c4 ({Much less strong is} 17... Bxb2 18. Rxb2 $1 Nxb2 19. Qb1 $16) (17... Rc4 $17 {...Bf5 is the strong threat.} 18. e4 Nxb2) 18. Qc2 Bf5 (18... Re8 $17) 19. g4 $1 {[%emt 0:00:25] [#]} Rxg4 20. e4 {[%emt 0:00:12] [#]} Rxe4 21. Rxe4 Nxb2 22. Rbe1 $1 Bxe4 23. Rxe4 Nd3 24. Nd4 Qf6 25. Bc3 b4 {[%emt 0:04:27] [#]} 26. Bxb4 Nxb4 27. Qxc4 Rb8 28. Qc7 Rf8 29. Qc4 Rb8 30. Qc7 Rf8 31. Qc4 Rb8 32. Nc6 $36 {[%emt 0:12:53][%mdl 2048] Against Qd8. White has good play.} Nxc6 33. dxc6 {[%emt 0:00:02] And now c7 would win.} Qa1+ (33... Rb1+ $2 34. Bf1 Rb2 35. Re2 (35. Rf4 Qg5+ 36. Rg4 Qd2 $17) 35... Rxe2 36. Bxe2 $18) (33... d5 $5 34. Qxd5 Rd8 $16) 34. Kh2 {[%emt 0:02:36] [#]} (34. Bf1 $1 $14 {was the only good move.} Be5 35. c7) 34... Qxa5 ({Black should try} 34... Be5+ $1 $17 35. f4 {[#]} d5 $1 36. Qxd5 Bc7) 35. Re7 $11 Be5+ $2 (35... Qf5 $11 36. c7 Rc8 37. Rxf7 Be5+ 38. Kg1 Qxf7) 36. f4 $18 d5 37. Rxe5 Qd2 (37... dxc4 $142 38. Rxa5 Rc8 39. Rxa6 Kf8) 38. Rxd5 Qf2 39. c7 {[%emt 0:00:20] Weighted Error Value: White=0.21 (precise) /Black=0.74} 1-0

[Event "34th MPL National U14-ch 2022"]
[Site "Ahmedabad"]
[Date "2022.05.13"]
[Round "9.4"]
[White "Mrithyunjay Mahadevan"]
[Black "Md Imran"]
[Result "1-0"]
[ECO "C00"]
[WhiteElo "1661"]
[BlackElo "2122"]
[Annotator "TA"]
[PlyCount "73"]
[EventDate "2022.05.09"]
[EventType "swiss"]
[EventCountry "IND"]
[SourceTitle "playchess.com"]
[Source "ChessBase"]
[SourceQuality "1"]
[TimeControl "5400+30"]

1. e4 c5 2. Nf3 e6 3. g3 Nc6 4. Bg2 Nf6 5. Qe2 d6 6. O-O Be7 7. c3 O-O {[%emt 0:00:19] C00: French: Unusual White 2nd moves.} 8. d4 d5 9. exd5 Nxd5 (9... exd5 $11 10. dxc5 Bxc5) 10. Rd1 cxd4 11. Nxd4 Nxd4 {[%emt 0:00:05] [#]} 12. cxd4 $146 ({White should play} 12. Rxd4 $14 Qc7 13. c4 (13. Bxd5 exd5 14. Bf4 Qd7 $11)) ({Predecessor:} 12. Rxd4 Qc7 13. a4 Bf6 14. Rc4 Qe5 15. Re4 Qc7 16. Na3 Bd7 17. c4 Nb4 18. Nb5 {1-0 (57) Riff,J (2515)-Metz,H (2291) Germany 2010}) 12... Bd7 13. Nc3 Bc6 14. Be3 Qa5 15. Rac1 (15. Bd2 $5 Qd8 16. Rac1 $11) 15... Rac8 16. Bd2 {[%emt 0:03:40] [#] And now Nxd5 would win.} Bb4 17. Nxd5 Bxd5 18. Rxc8 Rxc8 19. Bxd5 exd5 20. Qg4 Rd8 21. Bg5 Re8 (21... Rb8 $1 $14) 22. Qd7 $40 {[%emt 0:00:45][%csl LRb7,LRe8][%mdl 128] White has strong attack.} Re2 {[%emt 0:01:34][%mdl 8192] [#] This costs Black the game.} (22... Re6 $16) 23. Be7 $1 $18 Bxe7 24. Qe8+ Bf8 25. Qxe2 Qxa2 {[%emt 0:00:04][%mdl 4096] Endgame KQR-KQB} 26. Qb5 {[%emt 0:01:52] Inhibits Qa4.} b6 (26... a6 {might work better.} 27. Qxb7 Qc4) 27. Re1 g6 28. Kg2 Kg7 (28... Qc4 $142 29. Qxc4 dxc4) 29. Re2 a6 30. b3 Qb1 (30... Be7 $142 31. Rxa2 axb5) 31. Qxd5 b5 32. Re8 {[%emt 0:00:29] Hoping for Qe5+.} h5 33. Qe5+ {[%emt 0:00:07] White mates.} f6 34. Qc7+ Kh6 35. h4 Bg7 36. Rg8 Qe4+ 37. Kh2 {[%emt 0:00:05] Weighted Error Value: White=0.24 (precise) /Black=0.91} 1-0

[Event "34th MPL National U14-ch 2022"]
[Site "Ahmedabad"]
[Date "2022.05.13"]
[Round "9.5"]
[White "Bagwe Gaurang"]
[Black "Shaik Sumer Arsh"]
[Result "1-0"]
[ECO "C77"]
[WhiteElo "1789"]
[BlackElo "1999"]
[Annotator "TA"]
[PlyCount "99"]
[EventDate "2022.05.09"]
[EventType "swiss"]
[EventCountry "IND"]
[SourceTitle "playchess.com"]
[Source "ChessBase"]
[SourceQuality "1"]
[TimeControl "5400+30"]

1. e4 e5 2. Nf3 Nc6 3. Bb5 a6 4. Ba4 Nf6 5. d3 b5 6. Bb3 Bc5 7. c3 $1 {[%emt 0:00:10][%mdl 4] is now more promising than 7.0-0.} d6 8. Nbd2 {[%emt 0:00:06] C77: Ruy Lopez: 3...a6 4 Ba4 Nf6, unusual lines.} O-O 9. h3 h6 10. Nf1 {[%emt 0:00:11] The position is equal.} Bb6 11. Ng3 Re8 12. O-O Be6 13. Qe2 d5 14. Rd1 {[%emt 0:02:05] [#]} Qd7 $146 ({Predecessor:} 14... a5 15. Be3 a4 16. Bc2 d4 17. Bc1 a3 18. Bb3 Nd7 19. Bxe6 fxe6 20. Qc2 Qe7 21. cxd4 Nxd4 22. Nxd4 Bxd4 {½-½ (41) Smikovski,I (2558)-Amonatov,F (2634) Serpukhov 2008}) 15. Kh2 ({White should play} 15. Be3) 15... Rad8 16. Nh4 Na5 17. Bc2 dxe4 18. dxe4 Qc6 19. Re1 Nc4 20. Nhf5 Bxf5 21. Nxf5 Nd6 22. Ng3 Nc8 23. a4 Qd7 24. Qf3 {[%emt 0:00:00][%cal Oc1h6] Threatens to win with Bxh6!} Qe6 25. Nf5 {[%emt 0:00:00][%cal Oc1h6] [#] Bxh6! is the strong threat.} Ne7 26. axb5 axb5 27. Qg3 Nxf5 28. exf5 $40 {[%emt 0:00:00][%mdl 128] Black needs to defend precisely.} Qc6 29. Bb3 ({Wrong is} 29. Bxh6 $2 Nh5 30. Qh4 Qxh6 $19) 29... Kf8 30. Ra6 ({But not} 30. Rxe5 Rxe5 31. Qxe5 Bxf2 $15) 30... Qd7 (30... Qb7 $5 31. Ra1 c5 $11) 31. Rxe5 Rxe5 32. Qxe5 Re8 33. Qf4 Kg8 34. Qf3 {[%emt 0:00:00] Against Re2} Ne4 (34... Re1 $11 {was preferrable.} 35. Be3 Bxe3 36. fxe3 Kh7) 35. Bc2 $1 $14 Qd6+ 36. Bf4 Qd5 37. Bg3 Nf6 38. Qd3 Kh7 39. Qf1 ({Better is} 39. Qxd5 $16 Nxd5 40. Bb3) 39... Qd2 40. Qd1 Re2 41. Qxd2 Rxd2 42. Bb3 Nd5 (42... g6 $14) 43. h4 $16 Ne7 $2 {[%emt 0:00:29] This move loses the game for Black.} (43... h5 $16) 44. Bxf7 $18 {[%emt 0:00:00][%cal Of7g6] [#] And now Bg6+! would win.} Nxf5 $2 (44... Rd8 {was called for.} 45. Bg6+ Kh8) 45. h5 {[%emt 0:00:00] Intending Bg6+ and mate.} Ne7 {[%emt 0:01:08] Prevents Bg6+.} 46. Bh4 $2 (46. Bg6+ $18 {and White stays clearly on top.} Nxg6 47. hxg6+ Kxg6 48. Bxc7) 46... Bc5 $2 (46... g5 $16 {is tougher.} 47. hxg6+ Nxg6) 47. Re6 Rd7 (47... Nd5 $142 48. Bg6+ Kg8 49. Re8+ Bf8) 48. Be8 {[%emt 0:00:06] White is clearly winning.} Rd8 49. Bg6+ Kg8 50. Bxe7 {[%emt 0:00:06] Weighted Error Value: White=0.22 (precise) /Black=0.39} 1-0

[Event "34th MPL National U14-ch 2022"]
[Site "Ahmedabad"]
[Date "2022.05.13"]
[Round "9.6"]
[White "Bharadia Yash"]
[Black "Daaevik Wadhawan"]
[Result "1-0"]
[ECO "B90"]
[WhiteElo "1924"]
[BlackElo "1603"]
[Annotator "TA"]
[PlyCount "107"]
[EventDate "2022.05.09"]
[EventType "swiss"]
[EventCountry "IND"]
[SourceTitle "playchess.com"]
[Source "ChessBase"]
[SourceQuality "1"]
[TimeControl "5400+30"]

1. e4 c5 2. Nf3 d6 3. d4 cxd4 4. Nxd4 Nf6 5. Nc3 a6 6. Be3 e5 7. Nb3 Be7 8. f3 Be6 9. Qd2 h5 10. O-O-O Nbd7 11. Bd3 {B90: Sicilian Najdorf: Unusual White 6th moves, 6 Be3 Ng4 and 6 Be3 e5.} Rc8 12. Kb1 Qc7 13. h3 {[%emt 0:00:25] White has an edge.} h4 14. f4 b5 15. Rhe1 Nb6 (15... O-O $11) 16. Bxb6 $14 Qxb6 17. Nd5 Qd8 18. Qf2 Nd7 {[%emt 0:19:47] [#]} 19. fxe5 $146 {[%emt 0:21:20] 0x0.00215a464ba5dp-1022s more active pieces.} (19. Qa7 $16) ({Predecessor:} 19. Qa7 O-O 20. Qxa6 Bxd5 21. exd5 exf4 22. Qa5 Ne5 23. Qxd8 Bxd8 24. Bxb5 Bf6 25. a4 {½-½ (52) Shomoev,A (2373)-Shariyazdanov,A (2594) Tomsk 2001}) 19... Nxe5 20. Nxe7 Qxe7 21. Nd4 g6 22. Nf3 (22. Be2 $14) 22... Kf8 (22... Nxf3 $1 $11 23. Qxf3 O-O) 23. Qd4 Qc7 24. Qf2 Qe7 25. Be2 Qc7 26. Bf1 (26. Nd4 $5 Qe7 27. Nxe6+ Qxe6 28. Rd5 $14) 26... Nxf3 27. gxf3 Qc5 28. Rd4 g5 29. Red1 Ke7 30. c3 (30. Qd2 $5 ) 30... Rcd8 31. Qd2 ({Better is} 31. f4 $11 gxf4 32. Qxf4) 31... f6 32. f4 gxf4 $1 33. Qxf4 Qe5 34. Qf2 Qg3 35. Qd2 {[%emt 0:00:02][%cal Oe4e5] [#] Black must now prevent e5!} Rh5 36. Re1 Rg5 37. Rd3 Qe5 38. Qf2 Rh8 (38... Rg3 $11 {keeps the balance.}) 39. Qa7+ $16 Bd7 40. Red1 (40. Qxa6 $16 {Hoping for Red1.} Rc8 41. Rd4) 40... Qxe4 $14 41. Ka1 Ra8 (41... Qc6 $16) 42. Qf2 $36 {[%emt 0:01:28][%mdl 2048] White is on the roll.} ({Not} 42. Qc7 Qc6 43. Qa5 (43. Qxd6+ Qxd6 44. Rxd6 Be6 $11) 43... Qc5 $14) 42... Re5 $2 (42... Rf5 43. Qd2 Qf4) 43. Rxd6 Be6 44. Bg2 Qc4 45. Rxe6+ $1 Rxe6 46. Bxa8 {[%emt 0:00:10] Bd5 is the strong threat.} Qc7 47. Qxh4 {[%emt 0:20:06] White threatens Qh7+ and mate.} Qe5 48. Qh7+ {[%emt 0:00:00] White mates.} Ke8 {[%emt 0:00:03] [#]} 49. Bc6+ $1 Rxc6 50. Qd7+ Kf8 51. Qxc6 Qe2 52. Qxf6+ Kg8 53. Rd8+ Kh7 54. Rh8# {[%emt 0:00:00] Weighted Error Value: White=0.18 (very precise) /Black=0.31} 1-0

[Event "34th MPL National U14-ch 2022"]
[Site "Ahmedabad"]
[Date "2022.05.13"]
[Round "9.8"]
[White "Anubhav Rawat"]
[Black "Vaz, Ethan"]
[Result "0-1"]
[ECO "B90"]
[WhiteElo "1329"]
[BlackElo "1792"]
[Annotator "NA RC COMBH"]
[PlyCount "146"]
[EventDate "2022.05.09"]
[EventType "swiss"]
[EventCountry "IND"]
[SourceTitle "playchess.com"]
[Source "ChessBase"]
[SourceQuality "1"]
[TimeControl "5400+30"]

1. e4 c5 2. Nf3 d6 3. d4 cxd4 4. Nxd4 Nf6 5. Nc3 a6 6. Be3 e5 7. Nb3 Be6 8. f3 Be7 9. Qd2 Nbd7 10. g4 b5 11. Nd5 Bxd5 12. exd5 Nb6 13. Bxb6 Qxb6 14. O-O-O O-O 15. a3 a5 16. Kb1 Rfc8 17. h4 a4 18. Nc1 Rc7 19. Na2 Rc5 20. Nb4 Qb7 21. Bd3 Bd8 22. Nc6 Bb6 23. Be4 Qc7 24. h5 Rc4 25. Rde1 Nxe4 26. fxe4 Qd7 27. g5 Qg4 28. g6 Rxe4 29. gxf7+ Kxf7 30. Rxe4 Qxe4 31. Rf1+ Kg8 32. Ne7+ Kh8 33. h6 Qg4 34. Nf5 gxh6 35. Nxd6 Qh5 36. Nf7+ Kg7 37. Qg2+ Qg6 38. Qh2 Re8 39. Nxe5 Qg5 40. Nd7 Bd4 41. c3 Qxd5 42. Qc7 Re7 43. Qf4 Qe4+ 44. Qxe4 Rxe4 45. cxd4 Rxd4 46. Nc5 Rg4 47. Ne6+ Kg6 48. Nf8+ Kg7 49. Ne6+ Kg6 50. Nc7 Rg5 51. Rf4 Rc5 52. Ne6 Re5 53. Nd4 h5 54. Nf3 Re6 55. Kc2 Re3 56. Kd2 Rb3 57. Kc2 Re3 58. Nd4 Kg5 59. Rf2 h4 60. Kd2 Re7 61. Kd1 h3 62. Nxb5 Kg4 63. Nd4 Rd7 64. Rd2 h5 65. Ke1 h2 66. Rxh2 Rxd4 67. Rf2 Re4+ 68. Kd2 Kg3 69. Rf8 h4 70. Kd3 Rf4 71. Rg8+ Rg4 72. Rh8 h3 73. Ke3 h2 0-1

[Event "34th MPL National U14-ch 2022"]
[Site "Ahmedabad"]
[Date "2022.05.13"]
[Round "9.9"]
[White "Ilamparthi A R"]
[Black "Yuwan Das"]
[Result "1-0"]
[ECO "A09"]
[WhiteElo "2121"]
[BlackElo "1493"]
[Annotator "TA"]
[PlyCount "109"]
[EventDate "2022.05.09"]
[EventType "swiss"]
[EventCountry "IND"]
[SourceTitle "playchess.com"]
[Source "ChessBase"]
[SourceQuality "1"]
[TimeControl "5400+30"]

1. Nf3 d5 2. g3 Nc6 3. Bg2 e5 4. d3 Nf6 5. c4 d4 6. O-O Be7 7. b4 Bxb4 {[%emt 0:21:05] [#]} 8. Nxe5 $1 {A09: Réti Opening: 1 Nf3 d5 2 c4.} Nxe5 9. Qa4+ Nfd7 {[%emt 0:08:06] has lost popularity (9...Nc6).} ({Black should try} 9... Bd7 $14 10. Qxb4 b6) 10. Qxb4 $16 {[%emt 0:00:17] White is better.} c5 {[%emt 0:01:18] [#]} 11. Qa3 Qe7 12. Nd2 O-O {[%emt 0:03:42] [#]} 13. Rb1 $146 ({Predecessor:} 13. Ne4 h6 14. Nd2 Nc6 15. Re1 Nde5 16. Qb3 Bf5 17. Ba3 Rac8 18. Ne4 b6 19. Nd2 Na5 20. Qc2 {½-½ (20) Brankovic,D (2349)-Ratkovic,M (2214) Paracin 2012}) 13... Nc6 {[%emt 0:32:24] [#]} 14. Ne4 $1 f6 (14... b6 $16 {was called for.}) 15. Bf4 $18 Nce5 16. h4 a6 (16... h6 {might work better.} 17. e3 g5) 17. e3 Re8 (17... dxe3 $142 18. Bxe3 Rd8) 18. exd4 cxd4 19. Nd6 Ra7 20. Rb3 Rd8 21. Bd5+ Kf8 22. Nb5 Qxa3 23. Rxa3 ({Not} 23. Nxa3 Nc5 $11) 23... axb5 24. Rxa7 bxc4 25. dxc4 Nc5 26. Ra5 b6 27. Rb5 Rd6 28. Rfb1 Ncd7 29. Rd1 Ba6 30. Rb4 ({Weaker is} 30. Rxd4 Bxb5 31. cxb5 Nc5 $16) 30... h6 31. Rxd4 g5 32. hxg5 hxg5 33. Be3 Ke7 34. Rd2 Ng4 $2 (34... Bxc4 35. Rxc4 (35. Bxc4 Nf3+ 36. Kg2 Nxd2 $18) 35... Rxd5) 35. Bd4 Nge5 36. Kg2 Kd8 37. Ra4 Bc8 38. Be3 Ng4 39. Rb2 Nxe3+ 40. fxe3 Nc5 41. Ra7 f5 42. Rb1 Rh6 43. Rh1 Rxh1 44. Kxh1 {[%emt 0:00:02][%mdl 4096] Endgame KRB-KBN} g4 (44... Bd7 $142 45. g4 fxg4) 45. Kg2 Nd3 46. Kf1 Nc5 47. Ke2 Bd7 48. Kd2 Ke7 49. Bc6 {[%emt 0:00:13][%cal Oa7d7] Strongly threatening Rxd7+!} Kd6 50. Bxd7 Nxd7 {[%emt 0:00:03] [#]} 51. Rxd7+ $1 {[%emt 0:01:03] White mates.} Kxd7 52. Kd3 Kc6 53. Kd4 Kd6 54. a4 Ke6 55. c5 {[%emt 0:00:04] Black got outplayed after the opening.  Weighted Error Value: White=0.27 (precise) /Black=0.51} 1-0

[Event "34th MPL National U14-ch 2022"]
[Site "Ahmedabad"]
[Date "2022.05.13"]
[Round "9.10"]
[White "Sahib Singh"]
[Black "Arshpreet Singh"]
[Result "1-0"]
[ECO "B23"]
[WhiteElo "1991"]
[BlackElo "1564"]
[Annotator "TA"]
[PlyCount "89"]
[EventDate "2022.05.09"]
[EventType "swiss"]
[EventCountry "IND"]
[SourceTitle "playchess.com"]
[Source "ChessBase"]
[SourceQuality "1"]
[TimeControl "5400+30"]

1. e4 c5 2. Nc3 Nc6 3. f4 e6 4. Nf3 d5 5. Bb5 Nge7 6. exd5 Nxd5 7. Bxc6+ {[%emt 0:05:45] B23: Closed Sicilian: Lines without g3.} bxc6 8. d3 Nxc3 9. bxc3 {[%emt 0:00:06] The position is equal.} Be7 (9... c4 $11) 10. O-O {[%emt 0:05:34] [#]} ({Better is} 10. c4 $14) 10... Bf6 $146 (10... c4 $1 $11) ({Predecessor:} 10... c4 11. Qe2 O-O 12. Ne5 cxd3 13. cxd3 Qc7 14. Kh1 c5 15. Be3 Bb7 16. Rab1 Rfd8 {½-½ (29) Eymann,H-Schott,R (2086) Cap d'Agde 2002}) 11. Qe1 (11. Ne5 $16) 11... O-O 12. Ne5 Bxe5 13. Qxe5 (13. fxe5 $16 Rb8 14. Be3) 13... Qd5 (13... c4 $1 $14) 14. c4 $16 {[%emt 0:00:12] White is more active.} Qxe5 15. fxe5 Rb8 16. Ba3 $36 {[%emt 0:00:09][%mdl 2048] White is in control.} Rd8 17. Rab1 Rb7 18. Rxb7 Bxb7 19. Bxc5 $18 {[%emt 0:00:21][%mdl 4096] Endgame KRB-KRB} a6 20. Kf2 Rd7 21. Ke3 Bc8 22. Rb1 Rb7 23. Rxb7 Bxb7 {[%emt 0:00:04] KB-KB} 24. Be7 {[%emt 0:00:04] Prevents f6.} c5 25. g4 ({Much less strong is} 25. Bxc5 Bxg2 26. Be7 Bc6) 25... h6 26. Bxc5 f6 27. exf6 gxf6 28. Bb4 e5 29. c3 Bc8 (29... Bg2 {keeps fighting.} 30. Kf2 Bc6) 30. Kf3 Be6 31. a4 Kf7 32. a5 Ke8 {[%emt 0:06:14] A mistake that costs the game.} (32... f5 $16 33. gxf5 Bxf5) 33. Ba3 {[%emt 0:00:57] [#] And now Bc1 would win.} Kf7 $2 (33... Bd7 {was necessary.} 34. d4 Ba4) 34. Bc1 Kg6 35. Ke4 h5 $2 (35... Bxg4 36. d4 Kf7 37. Bxh6 Ke7) 36. gxh5+ Kxh5 37. c5 Kg6 38. d4 exd4 39. cxd4 {[%emt 0:00:05][%cal Bc3d4,Bd4d5,Bd5d6,Bd6d7][%mdl 32] White mates.} Kf7 40. d5 Bh3 41. c6 Ke8 42. Kd4 Kd8 43. Kc5 Bg2 44. d6 Kc8 45. d7+ {[%emt 0:00:11] Weighted Error Value: White=0.09 (flawless) /Black=0.48} 1-0

[Event "34th MPL National U14-ch 2022"]
[Site "Ahmedabad"]
[Date "2022.05.13"]
[Round "10.2"]
[White "Vaz, Ethan"]
[Black "Kadam Om Manish"]
[Result "0-1"]
[ECO "B19"]
[WhiteElo "1792"]
[BlackElo "2144"]
[Annotator "TA"]
[PlyCount "158"]
[EventDate "2022.05.09"]
[EventType "swiss"]
[EventCountry "IND"]
[SourceTitle "playchess.com"]
[Source "ChessBase"]
[SourceQuality "1"]
[TimeControl "5400+30"]

1. e4 c6 2. d4 d5 3. Nc3 dxe4 4. Nxe4 Bf5 5. Ng3 Bg6 6. h4 h6 7. Nf3 Nd7 8. Bd3 Bxd3 9. Qxd3 e6 10. Bd2 Ngf6 11. O-O-O Be7 {[%emt 0:00:28] B19: Classical Caro-Kann: 4...Bf5 main line.} 12. Ne4 Qc7 13. Kb1 O-O-O {[%emt 0:02:40] The position is equal.} 14. Nxf6 {[%emt 0:05:49] [#]} Nxf6 $146 ({Predecessor:} 14... Bxf6 15. Qa3 Qb6 16. Ba5 Qa6 17. Bxd8 Qxa3 18. bxa3 Rxd8 19. c3 Nb6 20. Ne5 Bxe5 21. dxe5 {1-0 (36) Zenkov,G (2033)-Kuznecov,S (1791) Kemerovo 2013}) 15. Qe2 Kb8 16. c4 Ka8 17. Bc3 Qf4 18. Rhe1 Ng4 19. Rd2 h5 20. g3 Qf5+ 21. Qe4 Qxe4+ 22. Rxe4 Bf6 23. Kc2 Kb8 24. Rde2 Kc8 25. b3 Rd7 26. Rd2 Rhd8 27. Ree2 Nh6 28. Ne5 Rc7 29. Rd3 Nf5 30. Red2 b6 31. a4 Kb7 32. Rd1 Nd6 33. Re1 Rdc8 34. Re2 Nf5 35. Red2 Nh6 36. Rd1 Nf5 37. R1d2 Rg8 38. f4 Rd8 39. Rd1 Nd6 40. Re1 Be7 $2 (40... g6 $11) 41. Bb4 (41. c5 $16) 41... Nf5 $11 42. Bxe7 (42. Nxf7 $11 {keeps the balance.} Bxb4 43. Nxd8+ Kc8 44. Rxe6 $1 Kxd8 45. Re5) 42... Rxe7 $17 43. Kc3 f6 44. Ng6 {[%emt 0:00:46] [#]} (44. g4 $17 {was worth a try.} hxg4 45. Nxg4) 44... Red7 $1 $19 45. Rxe6 Nxd4 ({And not} 45... Rxd4 46. Rxd4 Rxd4 47. Ne7 $11) 46. Re7 Rxe7 47. Nxe7 {[%emt 0:00:02][%mdl 4096] Endgame KRN-KRN} Ne2+ 48. Kd2 Rxd3+ 49. Kxd3 Nxg3 {[%emt 0:00:04] KN-KN} 50. Ke3 $2 {[%emt 0:01:59] Now White is beyond hope.} (50. Kd4 $17) 50... Kc7 51. Kf3 {[%emt 0:01:07] [#]} Kd7 $1 52. Kxg3 $2 ({Don't go for} 52. Nxc6 $2 Kxc6 53. Kxg3 Kc5 $19) (52. Ng6 Nf5 53. Ke4 Nd6+ 54. Kd4) 52... Kxe7 {[%emt 0:00:03] KP-KP} 53. Kf3 c5 54. Ke4 g6 {[%emt 0:01:19] Strongly threatening ...Kf7.} 55. Kd5 a5 56. Kc6 g5 57. fxg5 fxg5 58. hxg5 h4 59. Kxb6 h3 60. Kxc5 h2 61. Kb5 h1=Q 62. Kxa5 Qh5 63. b4 Qxg5+ 64. c5 {[%emt 0:00:15] Black mates.} Kd7 65. Kb6 Qf4 66. Kb5 Kc7 67. a5 Qf1+ 68. Ka4 Kc6 69. Kb3 Kb5 70. Kc3 Qc4+ 71. Kd2 Qxb4+ 72. Kd3 Kxc5 73. a6 Qa3+ 74. Ke4 Qxa6 75. Ke5 Qe2+ 76. Kf6 Kd6 77. Kf7 Qe6+ 78. Kf8 Qe7+ 79. Kg8 Ke6 {[%emt 0:00:01] Weighted Error Value: White=0.51/Black=0.10 (very precise)} 0-1

[Event "34th MPL National U14-ch 2022"]
[Site "Ahmedabad"]
[Date "2022.05.13"]
[Round "10.3"]
[White "Bagwe Gaurang"]
[Black "Mayank Chakraborty"]
[Result "1-0"]
[ECO "B22"]
[WhiteElo "1789"]
[BlackElo "2015"]
[Annotator "TA"]
[PlyCount "117"]
[EventDate "2022.05.09"]
[EventType "swiss"]
[EventCountry "IND"]
[SourceTitle "playchess.com"]
[Source "ChessBase"]
[SourceQuality "1"]
[TimeControl "5400+30"]

1. e4 c5 2. Nf3 Nc6 3. c3 Nf6 4. e5 Nd5 5. d4 cxd4 6. cxd4 d6 7. exd6 e6 8. Nc3 Bxd6 9. Bd3 O-O {[%emt 0:03:18] B22: Sicilian: 2 c3.} 10. O-O h6 11. Re1 b6 {[%emt 0:05:20] [#] The position is equal.} 12. Bd2 $146 ({Predecessor:} 12. Bb1 Ncb4 13. a3 Nxc3 14. bxc3 Nd5 15. Qd3 Nf6 16. Ne5 Bb7 17. Qh3 Re8 18. Bd2 {1-0 (40) Medina Diaz,R (2287)-Arvizu Borchardt,D (1987) Mexico City 2022}) 12... Bb7 (12... Nf6 $11) 13. Nxd5 $14 exd5 14. Ne5 {[%emt 0:01:59] Qh5 is the strong threat.} Re8 15. Qh5 {[%emt 0:09:22] White is more active.} Qf6 (15... Nxe5 $16 16. dxe5 Bf8) 16. Ng4 $18 Qxd4 (16... Rxe1+ $2 17. Rxe1 Qxd4 18. Qf5 Qxd3 19. Qxd3) 17. Qf5 Re4 18. Bxe4 dxe4 19. Bc3 {[%emt 0:03:59] Chess con chili.} Bc8 $2 (19... Qc5 20. Bxg7 (20. Qxe4 Nd8 $18) 20... Qxf5 21. Nxh6+ Kh7 22. Nxf5 Bc5 23. Rxe4 Kg6) 20. Qxc8+ $2 (20. Nxh6+ gxh6 21. Qh5) 20... Rxc8 21. Bxd4 Nxd4 22. Rxe4 Ne6 23. Re2 Nf4 24. Ree1 h5 25. Ne3 Bc5 26. g3 Nd3 27. Re2 Re8 28. Kg2 Re6 29. Rd1 Nb4 30. Rd8+ Kh7 31. Rd7 Nxa2 32. Rxf7 ({But not} 32. Rxa7 Nb4 33. Rxf7 Nd5) 32... a5 33. Rd2 Bxe3 34. fxe3 Rxe3 {[%emt 0:00:12][%mdl 4096] Endgame KRR-KRN} 35. Rdd7 Re2+ 36. Kf3 Rxb2 37. Rxg7+ Kh6 38. Kf4 (38. Rg8 $142 {White threatens Rd6+ and mate.} Nc3 39. Rd6+ Kh7 40. Rb8 Rf2+ 41. Kxf2 Ne4+ 42. Kf3 Nxd6 43. Rxb6) 38... Rf2+ $2 (38... Nc3 39. Rge7 Rf2+ 40. Ke5 Re2+ 41. Kd4 Rxe7 42. Rxe7 Na4) 39. Ke5 {[%emt 0:00:26] White wants to mate with Rh7+.} Re2+ 40. Kf5 Rf2+ {[%emt 0:00:25] [#]} 41. Ke6 $1 Re2+ {[%emt 0:00:22] [#]} 42. Kf7 $1 {[%emt 0:00:05] Rd6+ would kill now.} Rf2+ 43. Kg8 {[%emt 0:01:58] Threatening mate with Rd6+.} Rf6 {[%emt 0:00:14] Inhibits Rd6.} 44. Rd5 (44. g4 $142 hxg4 45. Rxg4) 44... Rg6 45. Rxg6+ Kxg6 {[%emt 0:00:02] KR-KN} 46. Rb5 Nc3 47. Rxb6+ Kf5 48. Kg7 Kg4 49. Rc6 Nd1 50. Kg6 Ne3 51. Rf6 Nd5 52. Re6 Nc3 53. Rc6 Nd5 54. Rc4+ Kh3 55. Rh4+ Kg2 56. Kxh5 Ne3 57. Ra4 Kxh2 58. g4 Kg3 59. g5 {[%emt 0:00:16] Black did not feel at home in the position after the opening.  Weighted Error Value: White=0.39/Black=0.78} 1-0